 Dungeon Crawl Stone Soup version 0.32-a0-433-g08bcfe7efd (console) character file.

Game seed: 1255703973485069671

8 zenocrate the Sneak (level 2, 21/24 HPs)
             Began as a Demonspawn Delver on Feb 22, 2024.
             Quit the game on level 3 of the Dungeon.
             The game lasted 00:00:41 (458 turns).

zenocrate the Sneak (Demonspawn Delver)              Turns: 458, Time: 00:00:41

Health: 21/24      AC:  3    Str: 12    XL:     2   Next: 0%
Magic:  2/2        EV: 11    Int: 10    God:
Gold:   8          SH:  0    Dex: 14    Spells: 1/1 levels left

rFire   . .          .
                       - Unarmed
rCold   . . .        (no shield)
rNeg    . . .        a - +0 leather armour
rPois   .            (helmet restricted)
rElec   .            (no cloak)
rCorr   .            (no gloves)
SInv    .            (no boots)
Will    .....        (no amulet)
Stlth   ++           (no ring)
HPRegen 0.24/turn    (no ring)
MPRegen 0.08/turn

%: no passive effects
@: no status effects
A: antennae 1
a: no special abilities


You were on level 3 of the Dungeon.
You visited 1 branch of the dungeon, and saw 3 of its levels.

You collected 8 gold pieces.

Inventory:

Armour
 a - a +0 leather armour (worn)
Wands
 f - a wand of digging (3)
Scrolls
 b - a scroll of fog
 c - a scroll of revelation
 d - a scroll of identify {unknown}
 h - a scroll of enchant weapon {unknown}
Potions
 e - a potion of haste
 g - 2 potions of curing {unknown}
 i - a potion of ambrosia {unknown}


   Skills:
 - Level 3.0 Fighting
 - Level 1.7 Dodging
 - Level 4.5 Stealth
 + Level 2.5 Unarmed Combat


You had one spell level left.
You didn't know any spells.
Your spell library was empty.

Dungeon Overview and Level Annotations

Branches:
Dungeon (5/15)
 Temple: D:4-7

Altars:


Innate Abilities, Weirdness & Mutations

You have a pair of small antennae on your head.


Message History

There is a stone staircase leading up here.
You climb upwards.
There is a stone staircase leading down here.
Found an escape hatch in the ceiling.
There is an escape hatch in the ceiling here.
A mysterious force pulls you upwards. The hatch slams shut behind you.
An orc comes into view. It is wielding a +0 dagger.
Found a sling.
The orc shouts!
An orc is nearby!
You hit the orc.
The orc is heavily wounded.
The orc completely misses you.
You hit the orc.
The orc is severely wounded.
The orc closely misses you.
You hit the orc but do no damage.
The orc is severely wounded.
The orc hits you with a +0 dagger.
You hit the orc.
You kill the orc!
No target in view!
You see here a +0 dagger.
HP restored.
d - a scroll labelled UMARCH CION A bat comes into view.
The bat moves out of view.
A bat and a rat come into view.
The rat squeaks loudly.
You hear a shout!
A hobgoblin comes into view.
The bat hits you but does no damage.
You completely miss the bat. The bat misses you.
You closely miss the rat. The bat misses you. The rat bites you.
You hit the rat.
You kill the rat!
The bat barely misses you.
You have reached level 2!
Your demonic ancestry asserts itself...
A pair of antennae grows on your head!
Are you sure you want to abandon this character and quit the game? (Confirm with "yes".)

#....###...#
#....# #...#
#....# #.).#
#....###...#
#......#...#
#....#.....#
#######....##
##....#
######.##.#
..##......#
...
...g...@..#
#..#
.........b#
....
..........#
##.##
.......)..#
..
..........#
..........#
..........#
..........#


You could see a hobgoblin and a bat.

Vanquished Creatures
  An orc (D:3)
  4 jackals (D:5)
  A rat (D:3)
6 creatures vanquished.

Notes
Turn   | Place    | Note
-------+----------+-------------------------------------------
     0 | D:5      | zenocrate the Demonspawn Delver began the quest for the
                  | Orb.
     0 | D:5      | Reached XP level 1. HP: 18/18 MP: 1/1
   362 | D:5      | Noticed a sleepcap
   380 | D:5      | Noticed a bombardier beetle
   458 | D:3      | Gained mutation: You have a pair of small antennae on your
                  | head. [demonic ancestry]
   458 | D:3      | Reached XP level 2. HP: 21/24 MP: 2/2
   458 | D:3      | Quit the game

Illustrated notes

Levels and vault maps discovered:
D:3:      layout_rooms, grunt_gozag_statues, ebering_ghost_rock_garden,
          grunt_decor_mini_mirrors, minmay_misc_feat_alley,
          minmay_misc_feat_tiny, minivault_5, uniq_robin, uniq_sigmund,
          uniq_natasha
D:4:      layout_basic, overflow_temple_1_default, minmay_temple_entry_offerings
D:5:      layout_basic, uniq_pikel

Skill      XL: |  1 |
---------------+----+-----
Unarmed Combat | 2 |  2.5
Fighting       | |  3.0
Dodging        | |  1.7
Stealth        | |  4.5

Action                     || total
---------------------------++-------
  Melee: Unarmed           ||    26
    Use: Scroll            ||     1
   Stab: Sleeping          ||     1
 Armour: Leather armour    ||    17
  Dodge: Dodged            ||    16

Table legend: (Time is in decaauts)
 A = Elapsed time spent in this place.
 B = Non-inter-level travel time spent in this place.
 C = Inter-level travel time spent in this place.
 D = Time resting spent in this place.
 E = Time spent auto-exploring this place.
 F = Levels seen in this place.
 G = Mean time per level.
                   A        B        C        D        E       F      G
               +--------+--------+--------+--------+--------+-----+--------+
         Total |    456 |    456 |      0 |    200 |    155 |   3 |  152.0 |
       Dungeon |    456 |    456 |      0 |    200 |    155 |   3 |  152.0 |
               +--------+--------+--------+--------+--------+-----+--------+

Top non-repeatable levels by time:
     D:5: 391 daAuts
     D:3: 53 daAuts
     D:4: 11 daAuts
